 Dungeon Crawl Stone Soup version 0.31-a0-845-g9abc20d24f (webtiles) character file.

Game seed: 4401526259217331411

70 Kurtz the Chopper (level 4, -1/46 HPs)
             Began as an Octopode Fighter on Oct 2, 2023.
             Was a Follower of Makhleb.
             Slain by an orc wizard
             ... wielding a +0 dagger
              (2 damage)
             ... on level 3 of the Dungeon.
             The game lasted 00:00:42 (1191 turns).

Kurtz the Chopper (Octopode Fighter)                Turns: 1191, Time: 00:00:43

Health: -1/46      AC:  1    Str: 15    XL:     4   Next: 22%
Magic:  4/4        EV: 13    Int: 10    God:    Makhleb [*.....]
Gold:   100        SH:  0    Dex: 13    Spells: 3/3 levels left

rFire   . . .        a - +0 war axe
rCold   . . .        b - +0 buckler
rNeg    . . .        (helmet restricted)
rPois   .            (no amulet)
rElec   .            (no ring)
rCorr   .            (no ring)
SInv    .            (no ring)
Will    .....        (no ring) Stlth
                     (no ring)
HPRegen 0.27/turn    (no ring)
MPRegen 0.09/turn    (no ring)
                     (no ring)

%: no passive effects
@: confused, brilliant, berserking (expiring), very quick
A: almost no armour, amphibious, 8 rings, camouflage 1, gelatinous body 1,
(nimble swimmer 1), tentacles
a: Renounce Religion


You were on level 3 of the Dungeon.
You worshipped Makhleb.
Makhleb was aware of your devotion.
You visited 1 branch of the dungeon, and saw 3 of its levels.

You collected 100 gold pieces.

Inventory:

Hand Weapons
 a - a +0 war axe (weapon)
Missiles
 k - a throwing net
Armour
 b - a +0 buckler (worn)
Scrolls
 d - 2 scrolls of enchant armour {unknown}
 e - 2 scrolls of blinking {unknown}
 f - 2 scrolls of identify {unknown}
 g - a scroll of noise {unknown}
Potions
 c - a potion of might
 i - a potion of resistance {unknown}
 j - a potion of curing {unknown}
 l - a potion of attraction {unknown}
 m - a potion of berserk rage


   Skills:
 - Level 3.0 Fighting
 * Level 4.2 Axes
 - Level 3.0 Dodging
 - Level 3.0 Shields
 * Level 1.0 Invocations


You had 3 spell levels left.
You didn't know any spells.
Your spell library contained the following spells:

 Spells                   Type           Power      Damage    Failure   Level
 Sting                    Tmut/Pois      0%         1d3       45%         1
 Poisonous Vapours        Pois/Air       0%         N/A       58%         2
 Scorch                   Fire           0%         2d5       58%         2
 Flame Wave               Conj/Fire      0%         2d4       99%         4
 Olgreb's Toxic Radiance  Pois           0%         N/A       99%         4
 Summon Cactus Giant      Summ           0%         N/A       100%        6


Dungeon Overview and Level Annotations

Branches:
Dungeon (3/15)

Altars:
Makhleb


Innate Abilities, Weirdness & Mutations

You cannot wear most types of armour.
You are amphibious.
You can wear up to eight rings at the same time.
Your skin changes colour to match your surroundings (Stealth+).
Your rubbery body absorbs attacks. (AC +1, EV +1)
((You are camouflaged when in or above water. (Stealth+)))
You have tentacles for arms and can constrict up to eight enemies at once.


Message History

You miss something. Something hits you. x2
A worm is nearby!
You hit something but do no damage. Your squeeze misses something.
Something hits you.
Unknown command.
A worm is nearby!
You hit something but do no damage.
You hear some strange, mumbled words.
A magic dart appears from out of thin air!
The magic dart hits you.
A worm is nearby!
You are too injured to fight recklessly!
You are too injured to fight recklessly!
A worm is nearby!
You closely miss something. Something hits you. x2
* * * LOW HITPOINT WARNING * * *
You closely miss something.
You hear some strange, mumbled words.
You are confused.
It was a potion of brilliance.
You feel clever all of a sudden. Something hits you.
* * * LOW HITPOINT WARNING * * *
It was a potion of berserk rage.
A red film seems to cover your vision as you go berserk!
You feel yourself moving faster!
You feel mighty! Something hits you.
* * * LOW HITPOINT WARNING * * *
You barely miss something. Something hits you.
* * * LOW HITPOINT WARNING * * *
You're too confused to attack without stumbling around!
You're too confused to move!
Something hits you.
* * * LOW HITPOINT WARNING * * *
You are too berserk!
You bump into the rock wall.
You feel a strong urge to attack something.
You closely miss something.
You hear some strange, mumbled words.
You are more confused.
You barely miss something. Something hits you.
You die...

###.############
#...<..........#
....[.>^..###.##
##.#..#.##.# #.#
...........# #.#
#.###..######)#
#..........<#.#
###.#########.#
.. .....w{@.#
#.. ##########
#. .


You could see a worm.

Vanquished Creatures
  An orc priest (D:3)
  An adder (D:2)
  2 dart slugs (D:2)
  2 orcs (D:3)
  A giant cockroach (D:2)
  2 goblins (D:2)
  2 hobgoblins
  4 jackals (D:2)
  3 kobolds (D:2)
  3 quokkas
  3 ball pythons
  A rat (D:1)
25 creatures vanquished.

Notes
Turn   | Place    | Note
-------+----------+-------------------------------------------
     0 | D:1      | Kurtz the Octopode Fighter began the quest for the Orb.
     0 | D:1      | Reached XP level 1. HP: 16/16 MP: 1/1
   146 | D:2      | Reached skill level 3 in Axes
   146 | D:2      | Reached XP level 2. HP: 16/21 MP: 2/2
   266 | D:2      | Found a faded altar of an unknown god.
   299 | D:2      | Prayed at the altar of an unknown god.
   299 | D:2      | Became a worshipper of Makhleb the Destroyer
   299 | D:2      | Reached * piety under Makhleb
   335 | D:2      | Reached XP level 3. HP: 26/26 MP: 3/3
  1179 | D:3      | Reached skill level 4 in Axes
  1179 | D:3      | Reached skill level 1 in Invocations
  1179 | D:3      | Reached XP level 4. HP: 24/31 MP: 4/4
  1188 | D:3      | HP: 1/46 [something (3)]
  1191 | D:3      | Slain by an orc wizard

Illustrated notes

Levels and vault maps discovered:
D:1:      heliophobic_arrival_dark_side_of_the_moon, layout_loops_ring
D:2:      layout_basic, basic_ecumenical_altar
D:3:      layout_basic, mainiacjoe_overflow_small_starburst,
          nicolae_shop_vocational

Skill      XL: |  1  2  3 |
---------------+----------+-----
Axes           | 3 4 |  4.2
Invocations    | 1 |  1.0
Fighting       | |  3.0
Dodging        | |  3.0
Shields        | |  3.0

Action                     |  1- 3 |  4- 6 || total
---------------------------+-------+-------++-------
  Melee: War axe           |    39 |     8 ||    47
         Constrict         |    12 |       ||    12
         Tentacles         |     5 |       ||     5
         Punch             |     1 |       ||     1
    Use: Potion            |       |     2 ||     2
   Stab: Sleeping          |     4 |       ||     4
         Distracted        |     1 |       ||     1
 Armour: Skin              |    16 |    11 ||    27
  Dodge: Dodged            |    24 |       ||    24
  Block: Buckler           |     4 |       ||     4

Table legend: (Time is in decaauts)
 A = Elapsed time spent in this place.
 B = Non-inter-level travel time spent in this place.
 C = Inter-level travel time spent in this place.
 D = Time resting spent in this place.
 E = Time spent auto-exploring this place.
 F = Levels seen in this place.
 G = Mean time per level.
                   A        B        C        D        E       F      G
               +--------+--------+--------+--------+--------+-----+--------+
         Total |   1206 |   1057 |    149 |      0 |    893 |   3 |  402.0 |
       Dungeon |   1206 |   1057 |    149 |      0 |    893 |   3 |  402.0 |
               +--------+--------+--------+--------+--------+-----+--------+

Top non-repeatable levels by time:
     D:2: 1023 daAuts
     D:1: 135 daAuts
     D:3: 46 daAuts
